 Dungeon Crawl Stone Soup version 0.29.0-4-gdea44cf6ec (webtiles) character file.

Game seed: 7116670536477936707

8432 qw the Brawler (level 11, -3/105 HPs)
             Began as a Troll Cinder Acolyte on Aug 31, 2022.
             Was an Initiate of Ignis.
             Slain by a death yak (14 damage)
             ... on level 1 of the Lair of Beasts.
             The game lasted 00:04:37 (8198 turns).

qw the Brawler (Troll Cinder Acolyte)               Turns: 8198, Time: 00:04:37

Health: -3/105     AC: 11    Str: 28    XL:     11   Next: 9%
Magic:  11/11      EV: 10    Int: 10    God:    Ignis [......]
Gold:   63         SH:  0    Dex:  9    Spells: 12/12 levels left

rFire   + . .      SeeInvis .     - Unarmed
rCold   . . .      Faith    .   (no shield)
rNeg    . . .      Spirit   .   m - +0 robe of Ifodd {rPois Dex+4}
rPois   +          Reflect  .   (helmet restricted)
rElec   .          Harm     .   (no cloak)
rCorr   .          Rampage  .   (gloves unavailable)
Will    .....                   (boots unavailable)
Stlth   +.........              (no amulet)
HPRegen 1.07/turn               (no ring)
MPRegen 0.12/turn               (no ring)

@: about to teleport, fiery-armoured
A: large, unfitting armour, claws 3, regeneration 1, shaggy fur 1, tough skin 1
a: Renounce Religion, Rising Flame


You were on level 1 of the Lair of Beasts.
You worshipped Ignis.
Ignis was noncommittal.
You visited 2 branches of the dungeon, and saw 10 of its levels.

You collected 526 gold pieces.
You spent 463 gold pieces at shops.


Innate Abilities, Weirdness & Mutations

You are too large for most types of armour.
You have claws for hands.
Your natural rate of healing is unusually fast.
You are covered in fur. (AC +1)
You have tough skin. (AC +1)


   Skills:
 + Level 6.1 Fighting
 - Level 3.7 Throwing
 - Level 3.1 Dodging
 - Level 16.0 Unarmed Combat
 - Level 1.0 Spellcasting
 - Level 2.1 Fire Magic


You had 12 spell levels left.
You didn't know any spells.
Your spell library contained the following spells:

 Spells                   Type           Power      Damage    Failure   Level
 Scorch                   Fire           8%         2d5       22%         2

Inventory:

Armour
 m - the +0 robe of Ifodd (worn) {rPois Dex+4}
   (You bought it in a shop on level 9 of the Dungeon)

   Dex:       It affects your dexterity (+4).
   rPois:     It protects you from poison.
Jewellery
 g - a ring of poison resistance
Scrolls
 d - a scroll of teleportation
 f - a scroll of identify
 h - 2 scrolls of enchant weapon
Potions
 b - 4 potions of curing
 c - a potion of heal wounds
 e - a potion of resistance
 i - a potion of haste
 j - a potion of ambrosia {unknown}
 k - a potion of cancellation
 n - 2 potions of might
 p - a potion of mutation {unknown}

Dungeon Overview and Level Annotations

Branches:
Dungeon (9/15)             Temple (0/1) D:7            Lair (1/5) D:9
    Orc: D:9-12

Altars:
Cheibriados
Fedhas
Okawaru
Ru
Sif Muna
Wu Jian
Xom

Shops:
D:2 =   D:5 =   D:9 [


Message History

You are no longer poisoned.
You mangle the water moccasin!!
You kill the water moccasin!
Your life force feels restored.
You start resting.
A death yak is nearby!
You mangle the death yak!!
The death yak is heavily wounded.
You hear a bellow! x3
The death yak gores you!
You barely miss the death yak.
The death yak is heavily wounded.
You barely miss the death yak.
The death yak is heavily wounded.
The death yak gores you!
The death yak is burned by your cloak of flames.
The death yak is heavily wounded.
You barely miss the death yak.
The death yak is heavily wounded.
The death yak gores you!!
The death yak is burned by your cloak of flames.
The death yak is heavily wounded.
You barely miss the death yak.
You claw the death yak, but do no damage.
The death yak is heavily wounded.
You barely miss the death yak. You claw the death yak.
The death yak is heavily wounded.
The death yak gores you!!
You barely miss the death yak.
The death yak is heavily wounded.
The death yak gores you!!
The death yak is burned by your cloak of flames.
The death yak is heavily wounded.
You hear a bellow! x2
8198 ||| READING 2 scrolls of teleportation.
As you read the scroll of teleportation, it crumbles to dust.
You feel strangely unstable.
You hear a bellow!
The death yak gores you!
You die...

... #.Y...# ...
...##...... ..#
....#.....S#..#
..........#...#
........#..(# .
#P.........# . ...
#.##%.#..# ...
....P###Y..##..#######.#
.......@%...............
........................
........................
................##..##.#
....####.+####..........
.... ........(.#......%
... ........#..#.......
.. ........P..#.......
......P..#.......


You could see a death yak.

Vanquished Creatures
  Joseph (D:7)
  A gargoyle (D:9)
  A cane toad (Lair:1)
  A komodo dragon (Lair:1)
  A troll (D:9)
  A wyvern (D:9)
  6 yaks (D:9)
  A steam dragon (D:8)
  An acid dragon (D:9)
  2 water moccasins
  An ice beast (D:6)
  An orc warrior (D:9)
  3 black bears
  An ogre (D:7)
  4 wolves (D:9)
  4 centaurs
  A phantom (D:5)
  A kobold brigand (D:7)
  4 bullfrogs
  2 necrophages
  9 wights
  9 killer bees (D:9)
  5 electric eels (D:9)
  A howler monkey (D:9)
  4 crimson imps (D:8)
  3 orc priests
  3 jellies
  3 hounds
  A gnoll bouda (D:7)
  3 iguanas
  3 orc wizards
  3 gnolls (D:7)
  6 adders
  A shadow imp (D:7)
  A white imp (D:8)
  5 worms
  2 dart slugs
  19 orcs
  11 ball pythons
  7 endoplasms
  2 giant cockroaches
  5 goblins
  5 hobgoblins
  7 jackals (D:3)
  9 quokkas
  4 bats
  A frilled lizard (D:2)
  15 kobolds
  6 rats
191 creatures vanquished.

Vanquished Creatures (others)
  2 fungi (Lair:1)
2 creatures vanquished.

Grand Total: 193 creatures vanquished

Notes
Turn   | Place    | Note
-------+----------+-------------------------------------------
     0 | D:1      | qw the Troll Cinder Acolyte began the quest for the Orb.
     0 | D:1      | Reached XP level 1. HP: 22/22 MP: 1/1
     0 | D:1      | 0 ||| qw: Version: 0.1-a-97-g2dd2ca4
     0 | D:1      | 0 ||| qw: Game counter: 4653
     0 | D:1      | 0 ||| qw: Always use a shield: true
     0 | D:1      | 0 ||| qw: God list: Okawaru
     0 | D:1      | 0 ||| qw: Allow faded altars: false
     0 | D:1      | 0 ||| qw: Do Orc after D:15 true
     0 | D:1      | 0 ||| qw: Do second Lair branch before Depths: true
     0 | D:1      | 0 ||| qw: Lair rune preference: random
     0 | D:1      | 0 ||| qw: Plans: Normal
     0 | D:1      | 0 ||| PLANNING D:1-11
   150 | D:1      | Reached XP level 2. HP: 29/29 MP: 2/2
   700 | D:1      | 700 ||| READING 3 scrolls labelled VYOJER TE OSI.
   705 | D:1      | 705 ||| READING scroll labelled JOH LERUSONELAWA.
   706 | D:1      | 706 ||| READING scroll labelled MIRHODD RECU.
   707 | D:1      | 707 ||| READING 2 scrolls labelled HIKLYO KU EMA.
   708 | D:1      | 708 ||| DROPPING scroll of blinking.
   726 | D:2      | Reached skill level 4 in Unarmed Combat
   742 | D:2      | 742 ||| Stepping ~*~*~tactically~*~*~ (stealth).
   819 | D:2      | Reached XP level 3. HP: 36/36 MP: 3/3
   900 | D:2      | 900 ||| Stepping ~*~*~tactically~*~*~ (stealth).
   902 | D:2      | Found Zacaxzif's Jewellery Shop.
   917 | D:2      | 917 ||| SHOPLISTING +4 ring of protection (468 gold, have
                  | 142).
   917 | D:2      | 917 ||| SHOPLISTING +6 ring of dexterity (468 gold, have
                  | 142).
   917 | D:2      | 917 ||| SHOPLISTING amulet of reflection (390 gold, have
                  | 142).
   917 | D:2      | 917 ||| SHOPLISTING amulet of the acrobat (390 gold, have
                  | 142).
   917 | D:2      | 917 ||| SHOPLISTING ring "Rottac" {rC+ rN+ Int+4} (579
                  | gold, have 142).
   917 | D:2      | 917 ||| SHOPLISTING ring of protection from cold (325 gold,
                  | have 142).
  1071 | D:2      | 1071 ||| Stepping ~*~*~tactically~*~*~ (stealth).
  1356 | D:2      | 1356 ||| READING scroll labelled IBBEUB RALEEW.
  1357 | D:2      | 1357 ||| READING scroll labelled ULUIBR QUURIAPATEH.
  1458 | D:2      | 1458 ||| DRINKING 2 viscous inky potions.
  1569 | D:3      | 1569 ||| Stepping ~*~*~tactically~*~*~ (stealth).
  1681 | D:3      | Found an iron altar of Okawaru.
  1749 | D:3      | 1749 ||| Stepping ~*~*~tactically~*~*~ (outnumbered).
  1750 | D:3      | 1750 ||| Stepping ~*~*~tactically~*~*~ (outnumbered).
  1762 | D:3      | Reached XP level 4. HP: 42/44 MP: 4/4
  1767 | D:3      | Reached skill level 5 in Unarmed Combat
  1938 | D:3      | 1938 ||| Stepping ~*~*~tactically~*~*~ (stealth).
  1939 | D:3      | 1939 ||| Stepping ~*~*~tactically~*~*~ (stealth).
  1943 | D:3      | 1943 ||| Stepping ~*~*~tactically~*~*~ (stealth).
  1944 | D:3      | 1944 ||| Stepping ~*~*~tactically~*~*~ (stealth).
  2077 | D:3      | Found a faded altar of an unknown god.
  2125 | D:3      | 2125 ||| READING scroll labelled DIOFFEOCA.
  2126 | D:3      | 2126 ||| READING scroll labelled CIYCKO JOSTA.
  2127 | D:3      | 2127 ||| DRINKING 2 puce potions.
  2128 | D:3      | 2128 ||| DROPPING potion of degeneration.
  2141 | D:4      | 2141 ||| STAIRDANCE
  2173 | D:4      | 2173 ||| Stepping ~*~*~tactically~*~*~ (outnumbered).
  2175 | D:4      | 2175 ||| Stepping ~*~*~tactically~*~*~ (outnumbered).
  2180 | D:4      | Reached skill level 6 in Unarmed Combat
  2180 | D:4      | Reached XP level 5. HP: 50/50 MP: 5/5
  2188 | D:4      | 2188 ||| INVOKING Fiery Armour.
  2190 | D:4      | Reached XP level 6. HP: 27/59 MP: 6/6
  2192 | D:4      | Reached skill level 7 in Unarmed Combat
  2318 | D:4      | Found an ornate altar of the Wu Jian Council.
  2699 | D:4      | 2699 ||| Stepping ~*~*~tactically~*~*~ (hiding).
  3215 | D:4      | 3215 ||| DRINKING 2 black potions.
  3228 | D:5      | Entered Level 5 of the Dungeon
  3241 | D:5      | Reached skill level 8 in Unarmed Combat
  3397 | D:5      | Reached XP level 7. HP: 66/66 MP: 7/7
  3451 | D:5      | Found Puujut's Jewellery Emporium.
  3457 | D:5      | 3457 ||| SHOPLISTING +6 ring of dexterity (432 gold, have
                  | 262).
  3457 | D:5      | 3457 ||| SHOPLISTING amulet of the acrobat (360 gold, have
                  | 262).
  3457 | D:5      | 3457 ||| SHOPLISTING ring "Jatsux" {Dex+6 SInv} (566 gold,
                  | have 262).
  3457 | D:5      | 3457 ||| SHOPLISTING ring of ice (300 gold, have 262).
  3457 | D:5      | 3457 ||| BUYING ring of poison resistance (240 gold).
  3457 | D:5      | Bought a ring of poison resistance for 240 gold pieces
  3833 | D:5      | Reached skill level 3 in Fighting
  3935 | D:5      | 3935 ||| Stepping ~*~*~tactically~*~*~ (hiding).
  4116 | D:5      | 4116 ||| UPGRADING to ring of poison resistance.
  4117 | D:5      | 4117 ||| DRINKING 2 bubbling red potions.
  4118 | D:5      | 4118 ||| DROPPING potion of invisibility.
  4181 | D:6      | Reached skill level 9 in Unarmed Combat
  4334 | D:6      | Reached skill level 1 in Dodging
  4334 | D:6      | Reached XP level 8. HP: 66/75 MP: 8/8
  4549 | D:6      | 4549 ||| READING 4 scrolls of teleportation.
  4550 | D:6      | 4550 ||| INVOKING Fiery Armour.
  4612 | D:6      | 4612 ||| Stepping ~*~*~tactically~*~*~ (hiding).
  4837 | D:6      | 4837 ||| INVOKING Fiery Armour.
  4907 | D:6      | 4907 ||| DROPPING amulet of magic regeneration.
  4908 | D:6      | 4908 ||| DRINKING 2 lumpy silvery potions.
  4909 | D:6      | 4909 ||| READING 2 scrolls of identify.
  4909 | D:6      | 4909 ||| IDENTIFYING golden potion
  4950 | D:7      | 4950 ||| Stepping ~*~*~tactically~*~*~ (stealth).
  4952 | D:7      | 4952 ||| Stepping ~*~*~tactically~*~*~ (hiding).
  4958 | D:7      | Reached skill level 10 in Unarmed Combat
  4971 | D:7      | Noticed Joseph
  4972 | D:7      | 4972 ||| Stepping ~*~*~tactically~*~*~ (hiding).
  4983 | D:7      | 4983 ||| INVOKING Fiery Armour.
  4988 | D:7      | Killed Joseph
  5130 | D:7      | 5130 ||| Stepping ~*~*~tactically~*~*~ (hiding).
  5131 | D:7      | 5131 ||| Stepping ~*~*~tactically~*~*~ (hiding).
  5134 | D:7      | 5134 ||| Stepping ~*~*~tactically~*~*~ (hiding).
  5136 | D:7      | 5136 ||| Stepping ~*~*~tactically~*~*~ (hiding).
  5143 | D:7      | 5143 ||| INVOKING Fiery Armour.
  5207 | D:7      | Reached XP level 9. HP: 87/87 MP: 9/9
  5317 | D:7      | Found a shimmering blue altar of Sif Muna.
  5465 | D:7      | Found a staircase to the Ecumenical Temple.
  5613 | D:7      | 5613 ||| READING scroll labelled UQUETE SAEM.
  5614 | D:7      | 5614 ||| READING scroll labelled XOFIWONIRU.
  5615 | D:7      | 5615 ||| DRINKING 2 glowing grey potions.
  5667 | D:7      | 5667 ||| READING 4 scrolls of identify.
  5667 | D:7      | 5667 ||| IDENTIFYING silvery potion
  5668 | D:7      | 5668 ||| READING 3 scrolls of identify.
  5668 | D:7      | 5668 ||| IDENTIFYING coppery potion
  5669 | D:7      | 5669 ||| READING 2 scrolls of identify.
  5669 | D:7      | 5669 ||| IDENTIFYING fuming white potion
  5670 | D:7      | 5670 ||| DRINKING potion of experience.
  5670 | D:7      | Reached skill level 15 in Unarmed Combat
  5670 | D:7      | Reached XP level 10. HP: 94/94 MP: 10/10
  5671 | D:7      | 5671 ||| DROPPING potion of brilliance.
  5672 | D:7      | 5672 ||| DROPPING potion of lignification.
  5831 | D:8      | Found a shimmering altar of Xom.
  5833 | D:8      | 5833 ||| Stepping ~*~*~tactically~*~*~ (hiding).
  5837 | D:8      | 5837 ||| Stepping ~*~*~tactically~*~*~ (outnumbered).
  5844 | D:8      | Reached skill level 1 in Throwing
  5928 | D:8      | 5928 ||| Stepping ~*~*~tactically~*~*~ (hiding).
  6034 | D:8      | 6034 ||| Stepping ~*~*~tactically~*~*~ (hiding).
  6035 | D:8      | 6035 ||| Stepping ~*~*~tactically~*~*~ (hiding).
  6037 | D:8      | 6037 ||| Stepping ~*~*~tactically~*~*~ (hiding).
  6228 | D:8      | 6228 ||| Stepping ~*~*~tactically~*~*~ (hiding).
  6229 | D:8      | 6229 ||| Stepping ~*~*~tactically~*~*~ (hiding).
  6253 | D:8      | 6253 ||| Stepping ~*~*~tactically~*~*~ (stealth).
  6264 | D:8      | 6264 ||| Stepping ~*~*~tactically~*~*~ (hiding).
  6266 | D:8      | 6266 ||| Stepping ~*~*~tactically~*~*~ (hiding).
  6349 | D:8      | Found a snail-covered altar of Cheibriados.
  6350 | D:8      | 6350 ||| READING scroll labelled BENOHO KAGAFI.
  6351 | D:8      | 6351 ||| READING 2 scrolls of identify.
  6351 | D:8      | 6351 ||| IDENTIFYING lumpy clear potion
  6352 | D:8      | 6352 ||| READING 4 scrolls of teleportation.
  6385 | D:8      | Found a sacrificial altar of Ru.
  6578 | D:9      | Found a blossoming altar of Fedhas.
  6579 | D:9      | 6579 ||| Stepping ~*~*~tactically~*~*~ (hiding).
  6581 | D:9      | 6581 ||| Stepping ~*~*~tactically~*~*~ (hiding).
  6688 | D:9      | 6688 ||| FLEEEEING.
  6689 | D:9      | 6689 ||| FLEEEEING.
  6735 | D:9      | 6735 ||| Stepping ~*~*~tactically~*~*~ (hiding).
  6736 | D:9      | 6736 ||| Stepping ~*~*~tactically~*~*~ (hiding).
  6739 | D:9      | 6739 ||| Stepping ~*~*~tactically~*~*~ (stealth).
  6784 | D:9      | Found Hiseprieza's Armour Boutique.
  6792 | D:9      | 6792 ||| BUYING +0 robe of Ifodd {rPois Dex+4} (223 gold).
  6792 | D:9      | Bought the +0 robe of Ifodd {rPois Dex+4} for 223 gold
                  | pieces
  6810 | D:9      | 6810 ||| FLEEEEING.
  6811 | D:9      | 6811 ||| FLEEEEING.
  6812 | D:9      | 6812 ||| FLEEEEING.
  6824 | D:9      | 6824 ||| INVOKING Fiery Armour.
  6830 | D:9      | 6830 ||| FLEEEEING.
  6833 | D:9      | 6833 ||| FLEEEEING.
  6834 | D:9      | 6834 ||| STAIRDANCE
  6878 | D:8      | 6878 ||| UPGRADING to +0 robe of Ifodd {rPois Dex+4}.
  6888 | D:8      | 6888 ||| REMOVING ring of poison resistance.
  6889 | D:8      | 6889 ||| DROPPING +0 robe.
  6902 | D:9      | 6902 ||| FLEEEEING.
  6903 | D:9      | 6903 ||| FLEEEEING.
  6917 | D:9      | 6917 ||| INVOKING Fiery Armour.
  6918 | D:9      | 6918 ||| Stepping ~*~*~tactically~*~*~ (outnumbered).
  6920 | D:9      | 6920 ||| Stepping ~*~*~tactically~*~*~ (outnumbered).
  6921 | D:9      | 6921 ||| Stepping ~*~*~tactically~*~*~ (outnumbered).
  6922 | D:9      | 6922 ||| FLEEEEING.
  6923 | D:9      | 6923 ||| FLEEEEING.
  6924 | D:9      | 6924 ||| FLEEEEING.
  6925 | D:9      | 6925 ||| FLEEEEING.
  6929 | D:9      | 6929 ||| STAIRDANCE
  6989 | D:9      | 6989 ||| FLEEEEING.
  6995 | D:9      | 6995 ||| STAIRDANCE
  7033 | D:9      | 7033 ||| FLEEEEING.
  7039 | D:9      | 7039 ||| Stepping ~*~*~tactically~*~*~ (outnumbered).
  7040 | D:9      | 7040 ||| FLEEEEING.
  7041 | D:9      | 7041 ||| FLEEEEING.
  7042 | D:9      | 7042 ||| FLEEEEING.
  7047 | D:9      | 7047 ||| STAIRDANCE
  7091 | D:9      | 7091 ||| FLEEEEING.
  7110 | D:9      | 7110 ||| Stepping ~*~*~tactically~*~*~ (stealth).
  7111 | D:9      | 7111 ||| Stepping ~*~*~tactically~*~*~ (stealth).
  7119 | D:9      | 7119 ||| INVOKING Fiery Armour.
  7120 | D:9      | 7120 ||| Stepping ~*~*~tactically~*~*~ (outnumbered).
  7121 | D:9      | 7121 ||| Stepping ~*~*~tactically~*~*~ (outnumbered).
  7166 | D:9      | 7166 ||| FLEEEEING.
  7167 | D:9      | 7167 ||| FLEEEEING.
  7190 | D:9      | 7190 ||| Stepping ~*~*~tactically~*~*~ (outnumbered).
  7191 | D:9      | 7191 ||| FLEEEEING.
  7193 | D:9      | 7193 ||| FLEEEEING.
  7204 | D:9      | 7204 ||| Stepping ~*~*~tactically~*~*~ (outnumbered).
  7230 | D:9      | 7230 ||| Stepping ~*~*~tactically~*~*~ (outnumbered).
  7232 | D:9      | 7232 ||| Stepping ~*~*~tactically~*~*~ (outnumbered).
  7234 | D:9      | 7234 ||| Stepping ~*~*~tactically~*~*~ (outnumbered).
  7235 | D:9      | 7235 ||| INVOKING Fiery Armour.
  7236 | D:9      | 7236 ||| Stepping ~*~*~tactically~*~*~ (outnumbered).
  7245 | D:9      | 7245 ||| FLEEEEING.
  7252 | D:9      | 7252 ||| STAIRDANCE
  7304 | D:9      | 7304 ||| FLEEEEING.
  7310 | D:9      | 7310 ||| STAIRDANCE
  7334 | D:9      | 7334 ||| Stepping ~*~*~tactically~*~*~ (outnumbered).
  7335 | D:9      | 7335 ||| FLEEEEING.
  7337 | D:9      | 7337 ||| FLEEEEING.
  7343 | D:9      | 7343 ||| STAIRDANCE
  7380 | D:9      | 7380 ||| INVOKING Fiery Armour.
  7381 | D:9      | 7381 ||| Stepping ~*~*~tactically~*~*~ (outnumbered).
  7384 | D:9      | 7384 ||| FLEEEEING.
  7391 | D:9      | 7391 ||| STAIRDANCE
  7423 | D:9      | 7423 ||| FLEEEEING.
  7429 | D:9      | 7429 ||| STAIRDANCE
  7447 | D:9      | 7447 ||| Stepping ~*~*~tactically~*~*~ (outnumbered).
  7455 | D:9      | 7455 ||| Stepping ~*~*~tactically~*~*~ (outnumbered).
  7457 | D:9      | 7457 ||| Stepping ~*~*~tactically~*~*~ (outnumbered).
  7474 | D:9      | 7474 ||| Stepping ~*~*~tactically~*~*~ (outnumbered).
  7477 | D:9      | 7477 ||| Stepping ~*~*~tactically~*~*~ (outnumbered).
  7479 | D:9      | Found a staircase to the Lair.
  7482 | D:9      | 7482 ||| INVOKING Fiery Armour.
  7502 | D:9      | Reached skill level 6 in Fighting
  7589 | D:9      | Identified the +5 falchion of Balance {elec, rC+}
  7611 | D:9      | 7611 ||| INVOKING Fiery Armour.
  7618 | D:9      | Reached skill level 3 in Throwing
  7619 | D:9      | HP: 19/98 [killer bee (8)]
  7620 | D:9      | 7620 ||| READING 3 scrolls of teleportation.
  7621 | D:9      | 7621 ||| DRINKING potion of heal wounds.
  7628 | D:9      | 7628 ||| Stepping ~*~*~tactically~*~*~ (outnumbered).
  7629 | D:9      | 7629 ||| Stepping ~*~*~tactically~*~*~ (outnumbered).
  7630 | D:9      | 7630 ||| Stepping ~*~*~tactically~*~*~ (outnumbered).
  7631 | D:9      | 7631 ||| Stepping ~*~*~tactically~*~*~ (outnumbered).
  7632 | D:9      | 7632 ||| Stepping ~*~*~tactically~*~*~ (outnumbered).
  7636 | D:9      | 7636 ||| Stepping ~*~*~tactically~*~*~ (outnumbered).
  7637 | D:9      | 7637 ||| Stepping ~*~*~tactically~*~*~ (outnumbered).
  7638 | D:9      | 7638 ||| Stepping ~*~*~tactically~*~*~ (outnumbered).
  7640 | D:9      | 7640 ||| Stepping ~*~*~tactically~*~*~ (outnumbered).
  7643 | D:9      | 7643 ||| Stepping ~*~*~tactically~*~*~ (outnumbered).
  7648 | D:9      | Reached skill level 3 in Dodging
  7648 | D:9      | 7648 ||| FLEEEEING.
  7649 | D:9      | 7649 ||| FLEEEEING.
  7650 | D:9      | 7650 ||| FLEEEEING.
  7651 | D:9      | 7651 ||| FLEEEEING.
  7652 | D:9      | 7652 ||| FLEEEEING.
  7653 | D:9      | 7653 ||| FLEEEEING.
  7654 | D:9      | 7654 ||| FLEEEEING.
  7655 | D:9      | 7655 ||| FLEEEEING.
  7656 | D:9      | 7656 ||| STAIRDANCE
  7711 | D:9      | 7711 ||| Stepping ~*~*~tactically~*~*~ (outnumbered).
  7764 | D:9      | Noticed a gargoyle
  7765 | D:9      | 7765 ||| Stepping ~*~*~tactically~*~*~ (hiding).
  7766 | D:9      | 7766 ||| Stepping ~*~*~tactically~*~*~ (hiding).
  7767 | D:9      | 7767 ||| Stepping ~*~*~tactically~*~*~ (hiding).
  7773 | D:9      | Killed a gargoyle
  7827 | D:9      | 7827 ||| Stepping ~*~*~tactically~*~*~ (stealth).
  7847 | D:9      | 7847 ||| FLEEEEING.
  7848 | D:9      | 7848 ||| FLEEEEING.
  7849 | D:9      | 7849 ||| FLEEEEING.
  7850 | D:9      | 7850 ||| FLEEEEING.
  7851 | D:9      | 7851 ||| FLEEEEING.
  7854 | D:9      | 7854 ||| FLEEEEING.
  7855 | D:9      | 7855 ||| FLEEEEING.
  7856 | D:9      | 7856 ||| FLEEEEING.
  7857 | D:9      | 7857 ||| FLEEEEING.
  7858 | D:9      | 7858 ||| FLEEEEING.
  7859 | D:9      | 7859 ||| FLEEEEING.
  7860 | D:9      | 7860 ||| FLEEEEING.
  7870 | D:9      | 7870 ||| Stepping ~*~*~tactically~*~*~ (outnumbered).
  7875 | D:9      | Reached XP level 11. HP: 85/101 MP: 11/11
  8075 | D:9      | 8075 ||| PLANNING LAIR
  8075 | D:9      | 8075 ||| READING scroll labelled HIYF CABIZXAYSK.
  8120 | D:9      | 8120 ||| DRINKING 3 fizzy blue potions.
  8121 | D:9      | 8121 ||| DROPPING 2 potions of flight.
  8137 | Lair:1   | Entered Level 1 of the Lair of Beasts
  8148 | Lair:1   | Reached skill level 16 in Unarmed Combat
  8163 | Lair:1   | 8163 ||| Stepping ~*~*~tactically~*~*~ (stealth).
  8168 | Lair:1   | 8168 ||| Stepping ~*~*~tactically~*~*~ (stealth).
  8169 | Lair:1   | 8169 ||| Stepping ~*~*~tactically~*~*~ (stealth).
  8169 | Lair:1   | Noticed a death yak
  8169 | Lair:1   | Noticed a death yak
  8170 | Lair:1   | 8170 ||| Stepping ~*~*~tactically~*~*~ (stealth).
  8183 | Lair:1   | 8183 ||| Stepping ~*~*~tactically~*~*~ (stealth).
  8184 | Lair:1   | 8184 ||| INVOKING Fiery Armour.
  8187 | Lair:1   | 8187 ||| Stepping ~*~*~tactically~*~*~ (stealth).
  8197 | Lair:1   | HP: 10/105 [death yak (23)]
  8198 | Lair:1   | 8198 ||| READING 2 scrolls of teleportation.
  8198 | Lair:1   | Slain by a death yak

Levels and vault maps discovered:
D:1:      tarquinn_simple_flora_water_b, layout_loops_ring
D:2:      layout_basic, serial_shops, nicolae_shop_waterfront
D:3:      layout_basic, okawaru_ov_weapons_minmay,
          shapermc_ecumenical_altar_mp_vishouse, minmay_close_crescents
D:4:      layout_basic, nicolae_overflow_crystal_walls
D:5:      layout_loops_corners, serial_shops, shop
D:6:      layout_loops_cross, chequers_serial_rivers_micro_d,
          corexii_item_surrounded_by_moat
D:7:      layout_rooms, kennysheep_mini_moat, minmay_temple_entry_fiery,
          uniq_joseph
D:8:      layout_basic, cheibrodos_worm_habitat, led_xom_imps,
          nicolae_ru_sacrificial_ziggurat
D:9:      layout_basic, fedhas_altar_1, erik_lair_island, serial_shops,
          nicolae_shop_behind_doors, minmay_misc_feat_chi
Lair:1:   layout_regular_city

Skill      XL: |  1  2  3  4  5  6  7  8  9 10 11 |
---------------+----------------------------------+-----
Unarmed Combat | 4 6 8 9 10 15 16 | 16.0
Fighting       | 3 4 6 |  6.1
Dodging        | 1 3 |  3.1
Throwing       | 3 |  3.7
Spellcasting   | |  1.0
Fire Magic     | |  2.1

Action                   |  1- 3 |  4- 6 |  7- 9 | 10-12 || total
-------------------------+-------+-------+-------+-------++-------
Melee: Unarmed           |   120 |    98 |   124 |   167 ||   509
       Punch             |     3 |     1 |     1 |    14 ||    19
Throw: Javelin           |       |       |       |    10 ||    10
Invok: Fiery Armour      |       |     1 |     4 |     8 ||    13
  Use: Scroll            |     6 |     2 |     7 |     6 ||    21
       Potion            |     1 |     2 |     4 |     2 ||     9
Armor: Robe              |    55 |    25 |    29 |    41 ||   150
Dodge: Dodged            |    34 |    30 |    36 |    82 ||   182

Table legend:
 A = Non-vault XP
 B = Vault XP
 C = Vault XP percentage of total XP
 D = Non-vault monster count
 E = Vault monster count
 F = Vault count percentage of total count
                 A         B        C        D         E       F
            +---------+---------+-------+---------+---------+-------
      Total |    7677 |    1460 |  16.0 |     176 |      15 |   7.9
            +---------+---------+-------+---------+---------+-------
        D:1 |      27 |       0 |   0.0 |      17 |       0 |   0.0
        D:2 |      50 |       0 |   0.0 |      25 |       0 |   0.0
        D:3 |      35 |       7 |  16.7 |      19 |       3 |  13.6
        D:4 |     496 |       0 |   0.0 |      19 |       0 |   0.0
        D:5 |     422 |       0 |   0.0 |      13 |       0 |   0.0
        D:6 |     845 |       0 |   0.0 |      13 |       0 |   0.0
        D:7 |     652 |     445 |  40.6 |      18 |       1 |   5.3
        D:8 |     808 |     199 |  19.8 |      13 |       5 |  27.8
        D:9 |    3407 |     809 |  19.2 |      36 |       6 |  14.3
     Lair:1 |     935 |       0 |   0.0 |       3 |       0 |   0.0
            +---------+---------+-------+---------+---------+-------
